 Dungeon Crawl Stone Soup version 0.27-a0-1525-g1038ab4fd7 (webtiles) character file.

Game seed: 3034967402676530612

262 gimp the Chopper (level 6, 0/47 HPs)
             Began as a Formicid Monk on July 10, 2021.
             Was an Initiate of Gozag.
             Slain by Prince Ribbit (16 damage)
             ... on level 5 of the Dungeon.
             The game lasted 00:09:53 (5175 turns).

gimp the Chopper (Formicid Monk)                    Turns: 5175, Time: 00:09:54

Health: 0/47       AC:  7    Str: 17    XL:     6   Next: 42%
Magic:  6/6        EV:  9    Int: 10    God:    Gozag
Gold:   137        SH:  8    Dex: 13    Spells: 5/5 levels left

rFire    + . .     SeeInvis +   a - +0 hand axe
rCold    . . .     Faith    .   q - +0 kite shield
rNeg     . . .     Spirit   .   i - +3 leather armour
rPois    .         Reflect  .   (helmet unavailable)
rElec    .         Harm     .   (no cloak)
rCorr    .         Rampage  .   c - +0 pair of gloves
Will     .....                  (no boots)
Stlth    ++........             (no amulet)
HPRegen  0.15/turn              j - ring of protection from fire
MPRegen  0.10/turn              (no ring)

@: no status effects
A: permanent stasis, dig shafts and tunnels, antennae 3, four strong arms
a: Dig, Shaft Self, Renounce Religion, Potion Petition, Call Merchant, Bribe
Branch


You were on level 5 of the Dungeon.
You worshipped Gozag.
Gozag was aware of your devotion.
You visited 2 branches of the dungeon, and saw 6 of its levels.

You collected 137 gold pieces.

Inventory:

Hand Weapons
 a - a +0 hand axe (weapon)
Missiles
 p - 16 poisoned darts
Armour
 c - a +0 pair of gloves (worn)
 d - a +0 ring mail
 i - a +3 leather armour (worn)
 q - a +0 kite shield (worn)
Jewellery
 j - a ring of protection from fire (left hand)
Scrolls
 b - a scroll of acquirement {unknown}
 g - a scroll of fog {unknown}
 h - 5 scrolls of teleportation {unknown}
 k - 3 scrolls of enchant armour {unknown}
 m - a scroll of noise {unknown}
 o - a scroll of vulnerability {unknown}
 r - a scroll of immolation {unknown}
Potions
 e - a potion of might
 f - a potion of mutation {unknown}
 l - a potion of brilliance
 n - 2 potions of curing


   Skills:
 - Level 3.2 Fighting
 * Level 5.2 Axes
 + Level 3.9 Armour
 - Level 2.6 Dodging
 - Level 2.4 Stealth
 + Level 1.7 Shields


You had 5 spell levels left.
You didn't know any spells.
Your spell library contained the following spells:

 Spells                   Type           Power      Damage    Failure   Level
 Call Canine Familiar     Summ           0%         N/A       100%        3
 Portal Projectile        Hex/Tloc       0%         N/A       100%        3
 Leda's Liquefaction      Hex/Erth       0%         N/A       100%        4


Dungeon Overview and Level Annotations

Branches:
Dungeon (5/15)             Temple (1/1) D:5

Altars:
Ashenzari
Dithmenos
Elyvilon
Fedhas
Gozag
Hepliaklqana
Kikubaaqudgha
Makhleb
Nemelex Xobeh
Qazlal
Ru
Sif Muna
Trog
Uskayaw
Wu Jian
Xom
Yredelemnul
The Shining One

Annotations:
D:3 Ijyb
D:5 Prince Ribbit


Innate Abilities, Weirdness & Mutations

You cannot be hasted, slowed, berserked, paralysed or teleported.
You can dig through walls and to a lower floor.
You have a pair of large antennae on your head. (SInv)
Your four strong arms can wield two-handed weapons with a shield.


Message History

You block Prince Ribbit's attack. Prince Ribbit hits you.
You take 1 damage, and have 34/47 hp.
You miss Prince Ribbit.
Prince Ribbit is lightly wounded.
Prince Ribbit blinks!
You miss Prince Ribbit.
Prince Ribbit is lightly wounded.
Prince Ribbit blinks!
No target in view!
No target in view!
Prince Ribbit lets out a mournful croak.
Prince Ribbit croaks regally.
You block Prince Ribbit's attack.
You miss Prince Ribbit.
Prince Ribbit is lightly wounded.
Prince Ribbit closely misses you. Prince Ribbit hits you!
You take 8 damage, and have 27/47 hp.
You hit Prince Ribbit.
Prince Ribbit is lightly wounded.
Prince Ribbit barely misses you.
Prince Ribbit hits you but does no damage.
You hit Prince Ribbit but do no damage.
Prince Ribbit is lightly wounded.
You block Prince Ribbit's attack. Prince Ribbit hits you!
You take 7 damage, and have 20/47 hp.
You are too injured to fight recklessly!
You are too injured to fight recklessly!
You are too injured to fight recklessly!
Found a short smoking staff.
Found a sacrificial altar of Ru.
You enter a teleport trap!
The teleport trap disappears.
Prince Ribbit barely misses you.
Found a scroll labelled GADECS TATOCUI and a scroll labelled TAES POEH.
Prince Ribbit hits you.
You take 2 damage, and have 18/47 hp.
You block Prince Ribbit's attack. Prince Ribbit hits you.
You take 2 damage, and have 16/47 hp.
Prince Ribbit hits you!
You die...
Your body crumbles into a pile of gold.

.#### .?.. #..# ####
.|. ...# ####^####..###
#.......#....#
#.......#.##.#
.#?....F.#.##.#
#.^..._..@..##.#
#.#.......#..#.#
#.......#..#.##########
#.......#.............#
#########(##.########.#
{ .................#
#.#####.#######..#
#.##....### #..# $
#.........# #..#


You could see Prince Ribbit.

Vanquished Creatures
  An orc priest (D:3)
  A hound (D:4)
  An iguana (D:4)
  Jessica (D:2)
  4 adders
  4 worms
  5 dart slugs
  3 orcs
  13 ball pythons
  3 bats
  3 giant cockroaches
  9 goblins
  7 hobgoblins
  2 jackals (D:1)
  7 kobolds
  5 quokkas
  16 frilled lizards
  5 rats
90 creatures vanquished.

Vanquished Creatures (others)
  3 plants (D:1)
3 creatures vanquished.

Grand Total: 93 creatures vanquished

Notes
Turn   | Place    | Note
-------+----------+-------------------------------------------
     0 | D:1      | gimp the Formicid Monk began the quest for the Orb.
     0 | D:1      | Reached XP level 1. HP: 18/18 MP: 1/1
   220 | D:1      | Reached skill level 1 in Armour
   220 | D:1      | Reached XP level 2. HP: 23/24 MP: 2/2
   431 | D:1      | Reached XP level 3. HP: 26/29 MP: 3/3
   838 | D:1      | Found a faded altar of an unknown god.
  1070 | D:2      | Noticed Jessica
  1095 | D:2      | Killed Jessica
  1096 | D:2      | Reached skill level 4 in Axes
  1096 | D:2      | Reached XP level 4. HP: 11/35 MP: 4/4
  2209 | D:2      | Reached XP level 5. HP: 40/41 MP: 5/5
  2724 | D:3      | Noticed Ijyb
  3612 | D:4      | Found a broken altar of Ashenzari.
  4009 | D:4      | Reached skill level 1 in Shields
  4061 | D:4      | Reached XP level 6. HP: 40/47 MP: 6/6
  4176 | D:4      | Noticed an ogre
  4424 | D:4      | Reached skill level 5 in Axes
  4792 | D:5      | Entered Level 5 of the Dungeon
  4837 | D:5      | Found a staircase to the Ecumenical Temple.
  4921 | Temple   | Entered the Ecumenical Temple
  5077 | Temple   | Became a worshipper of Gozag Ym Sagoz the Greedy
  5155 | D:5      | Noticed Prince Ribbit
  5169 | D:5      | Found a sacrificial altar of Ru.
  5175 | D:5      | Slain by Prince Ribbit

Illustrated notes

Levels and vault maps discovered:
D:1:      eino_arrival_water_cross, layout_loops_ring,
          shapermc_ecumenical_altar_hornbeckon, serial_park_tiny_pond,
          minmay_shallow_snake_nest
D:2:      layout_basic, minmay_lizard_pond, uniq_jessica
D:3:      layout_loops_ring, uniq_ijyb
D:4:      layout_loops_corners, nicolae_ashenzari_panopticon
D:5:      layout_loops_ring, mainiacjoe_overflow_small_starburst,
          lemuel_tele_altar, minmay_temple_entry_statues_fountains,
          uniq_prince_ribbit1
Temple:   eino_temple_scatter_basement

Skill      XL: |  1  2  3  4  5  6 |
---------------+-------------------+-----
Armour         | 1 2 3 |  3.9
Axes           | 4 5 |  5.2
Shields        | 1 |  1.7
Fighting       | |  3.2
Dodging        | |  2.6
Stealth        | |  2.4

Action                   |  1- 3 |  4- 6 || total
-------------------------+-------+-------++-------
Melee: Hand axe          |   107 |   213 ||   320
 Abil: Dig               |     3 |     3 ||     6
  Use: Scroll            |       |     5 ||     5
 Stab: Sleeping          |     1 |     7 ||     8
Armor: Ring mail         |    23 |       ||    23
       Leather armour    |    23 |    66 ||    89
Dodge: Dodged            |    76 |   117 ||   193
Block: Kite shield       |       |    41 ||    41

Table legend: (Time is in decaauts)
 A = Elapsed time spent in this place.
 B = Non-inter-level travel time spent in this place.
 C = Inter-level travel time spent in this place.
 D = Time resting spent in this place.
 E = Time spent auto-exploring this place.
 F = Levels seen in this place.
 G = Mean time per level.
                   A        B        C        D        E       F      G
               +--------+--------+--------+--------+--------+-----+--------+
         Total |   5237 |   5080 |    157 |    512 |   3557 |   6 |  872.8 |
       Dungeon |   5064 |   4923 |    141 |    512 |   3411 |   5 | 1012.8 |
        Temple |    173 |    157 |     16 |      0 |    146 |   1 |  173.0 |
               +--------+--------+--------+--------+--------+-----+--------+

Top non-repeatable levels by time:
     D:4: 1267 daAuts
     D:1: 1254 daAuts
     D:3: 1230 daAuts
     D:2: 1099 daAuts
     D:5: 212 daAuts
  Temple: 173 daAuts
